 Dungeon Crawl Stone Soup version 0.13.0-19-g8e0b589 (webtiles) character file.

7279 MDvedh the Basher (level 10, -3/74 HPs)
             Began as a Yellow Draconian Death Knight on Oct 25, 2013.
             Was a Priest of Yredelemnul.
             Slain by a yak (17 damage)
             ... on Level 1 of the Lair of Beasts.
             The game lasted 00:35:57 (15780 turns).

MDvedh the Basher (Yellow Draconian Death Knight)  Turns: 15780, Time: 00:35:57

HP  -3/74        AC  9     Str 18      XL: 10   Next: 75%
MP  16/16        EV 16     Int 12      God: Yredelemnul [***...]
Gold 521         SH  0     Dex 14 (15) Spells:  0 memorised,  9 levels left

Res.Fire  : + . .   See Invis. : .   a - +1 mace
Res.Cold  : . . .   Warding    : .   (armour unavailable)
Life Prot.: . . .   Conserve   : .   (no shield)
Res.Poison: .       Res.Corr.  : +   (helmet restricted)
Res.Elec. : .       Clarity    : .   h - +0 cloak
Sust.Abil.: . .     Spirit.Shd : .   C - +0 pair of gauntlets
Res.Mut.  : .       Stasis     : .   (no boots)
Res.Rott. : .       Flight     : .   (no amulet)
Saprovore : . . .                    K - +4 ring of dexterity
                                     o - ring of protection from fire

@: about to teleport, somewhat resistant to hostile enchantments, unstealthy
A: spit acid, acid resistance, unfitting armour, AC +7
a: Spit Acid, Animate Dead, Recall Undead Slaves, Injury Mirror, Renounce
Religion


You were on level 1 of the Lair of Beasts.
You worshipped Yredelemnul.
Yredelemnul was most pleased with you.
You were hungry.

You visited 2 branches of the dungeon, and saw 12 of its levels.

You collected 728 gold pieces.
You spent 227 gold pieces at shops.

Inventory:

Hand weapons
 a - a +1,+1 mace (weapon)
 u - a +0,+0 mace
 y - a +1,+0 flail
Missiles
 p - 9 steel darts (quivered)
Armour
 h - a +0 cloak (worn)
 C - a +0 pair of gauntlets (worn)
Magical devices
 d - a wand of lightning (6) {unknown}
 x - a wand of fireball (3)
 M - a wand of frost (12) {unknown}
 N - a wand of draining (8) {unknown}
 R - a wand of magic darts (16) {unknown}
Comestibles
 c - 5 bread rations
 r - a rotting chunk of quokka flesh
 U - 2 chunks of quokka flesh
Scrolls
 g - a scroll of teleportation
 j - 5 scrolls of remove curse
 n - 3 scrolls of curse armour {unknown}
 s - 5 scrolls of magic mapping
 A - 2 scrolls of enchant armour {unknown}
 E - 3 scrolls of fog
 F - 2 scrolls of fear
 G - a scroll of silence {unknown}
 H - 2 scrolls of enchant weapon II
 I - a scroll of amnesia
 S - a scroll of identify
Jewellery
 b - an uncursed amulet of rage
 o - a ring of protection from fire (left hand)
 v - an uncursed ring of positive energy {unknown}
 K - a +4 ring of dexterity (right hand)
 O - an uncursed ring of protection from cold {unknown}
 Q - an uncursed ring of see invisible
Potions
 f - a potion of brilliance
 i - a potion of resistance {unknown}
 k - a potion of mutation
 l - a potion of might {unknown}
 m - 3 potions of curing
 q - a potion of restore abilities
 t - 2 potions of flight {unknown}
 w - 2 potions of confusion {unknown}
 z - a potion of beneficial mutation {unknown}
 B - a potion of speed {unknown}
 D - a potion of slowing {unknown}
 T - a potion of cure mutation {unknown}
Books
 e - a book of Dreams

   Spells                             Type                      Level
   Ensorcelled Hibernation            Hexes/Ice                    2
   Flight                             Charms/Air                   3
   Phase Shift                        Translocation                5
   Shadow Creatures                   Summoning                    5
   Mass Confusion                     Hexes                        6
   Darkness                           Hexes                        7
 J - a book of Wizardry

   Spells                             Type                      Level
   Summon Elemental                   Summoning                    4
   Agony                              Necromancy                   5
   Force Lance                        Conjuration                  5
   Fireball                           Conjuration/Fire             5
   Haste                              Charms                       6
   Invisibility                       Hexes                        6
 P - a book of Spatial Translocations

   Spells                             Type                      Level
   Apportation                        Translocation                1
   Portal Projectile                  Translocation                2
   Blink                              Translocation                2
   Shroud of Golubria                 Charms/Translocation         2
   Teleport Other                     Translocation                3
   Passage of Golubria                Translocation                4
Miscellaneous
 L - a fan of gales


   Skills:
 - Level 2.1 Fighting
 - Level 14.3 Maces & Flails
 + Level 6.7 Dodging
 - Level 3.0 Invocations


You had 9 spell levels left.
You didn't know any spells.

Dungeon Overview and Level Annotations

Branches:
Dungeon (10/27)            Temple (0/1) D:7             Orc (0/4) D:8
   Lair (2/8) D:10

Altars:
Elyvilon
Yredelemnul

Shops:
D:4 *   D:5 ?


Message History

Your jackal zombie is destroyed!
The water moccasin bites you.
* * * LOW HITPOINT WARNING * * *
Your jackal zombie bites the yak.
The water moccasin bites you but does no damage.
Your jackal zombie bites the yak but does no damage.
The water moccasin barely misses you. The yak gores your jackal zombie!
Your jackal zombie is destroyed!
The water moccasin closely misses you.
Found a potion of heal wounds.
Read which item? (? for menu, Esc to quit)
As you read the scroll of teleportation, it crumbles to dust.
You feel strangely unstable. The water moccasin misses you.
Unknown command.
Found a scroll of amnesia.
The water moccasin bites you but does no damage.
The yak gores you!
You die...
Your body rises from the dead as a mindless zombie.

. ...................... .
.................(... .
.>......)......)...... .
...$....#..............
........###.............
.........#....>.........
........................
.........YY..............
....!...@.S..............
........#................
.......##...............
..?....#................
........................ .
.....................## .
##...............%%.# ..
....#.................###
...
........................##


You could see 2 yaks and a water moccasin.

Vanquished Creatures
  An oklob plant (D:10)
  A komodo dragon (Lair:1)
  2 two-headed ogres
  2 wyverns
  7 yaks
  2 hippogriffs
  2 hungry ghosts
  A manticore (D:8)
  3 orc warriors
  3 ice beasts
  A black bear (D:7)
  2 sky beasts
  A porcupine (Lair:1)
  A phantom (D:6)
  A crocodile (Lair:1)
  4 centaurs
  A gnoll sergeant (D:5)
  2 giant frogs
  An eye of draining (D:9)
  A troll zombie (D:8)
  A yak zombie (D:8)
  A hippogriff skeleton (D:9)
  5 wights
  A quasit (D:8)
  2 jellies
  2 crimson imps
  A goliath beetle (D:6)
  5 orc priests
  A giant frog skeleton (D:10)
  4 worker ants
  3 scorpions
  3 hounds
  6 orc wizards
  An iguana (D:5)
  Jessica (D:3)
  A crocodile skeleton (D:6)
  11 adders
  2 giant centipedes
  7 gnolls
  2 giant mites
  2 worms
  2 iguana skeletons
  2 oozes
  17 orcs
  17 bats
  A bat skeleton (D:4)
  6 giant cockroaches
  16 hobgoblins
  10 jackals
  13 kobolds
  4 quokkas
  A ball python (D:4)
  A giant cockroach zombie (D:5)
  11 giant geckos
  5 giant newts
  10 goblins
  2 goblin skeletons
  2 goblin zombies (D:8)
  3 hobgoblin skeletons
  4 hobgoblin zombies (D:8)
  A kobold skeleton (D:4)
  A kobold zombie (D:7)
  3 orc zombies (D:8)
  A quokka skeleton (D:6)
  9 rats
  A rat skeleton (D:4)
  A rat zombie (D:3)
  A plant (D:10)
246 creatures vanquished.

Vanquished Creatures (collateral kills)
  An oklob plant (D:10)
  A hungry ghost (D:8)
  A manticore (D:9)
  2 phantoms
  2 ogres
  A giant frog (D:7)
  A jelly (D:7)
  An orc priest (D:9)
  2 orc wizards (D:9)
  3 hounds
  A scorpion (D:4)
  5 ogre zombies (D:8)
  An adder (D:8)
  10 orcs
  2 hobgoblins
  A quokka (D:7)
  A goblin skeleton (D:8)
  A hobgoblin zombie (D:8)
  5 orc zombies (D:8)
  2 plants (D:10)
44 creatures vanquished.

Vanquished Creatures (others)
  2 wights
  A porcupine zombie (Lair:1)
  2 mummies
  A worker ant zombie (D:4)
  An orc (D:6)
  A gnoll zombie (D:6)
  A bat (D:2)
  3 jackal zombies (Lair:1)
  7 orc zombies
  A rat zombie (D:2)
20 creatures vanquished.

Grand Total: 310 creatures vanquished

Notes
Turn   | Place    | Note
--------------------------------------------------------------
     0 | D:1      | MDvedh, the Draconian Death Knight, began the quest for the Orb.
     0 | D:1      | Reached XP level 1. HP: 17/17 MP: 2/2
    55 | D:1      | Reached XP level 2. HP: 19/24 MP: 4/4
   945 | D:2      | Found a white marble altar of Elyvilon.
   979 | D:2      | Reached XP level 3. HP: 21/29 MP: 5/5
  1490 | D:2      | Acquired Yredelemnul's second power
  1535 | D:2      | Reached skill level 4 in Maces & Flails
  2317 | D:3      | Noticed Jessica
  2322 | D:3      | Killed Jessica
  2322 | D:3      | Reached XP level 4. HP: 34/37 MP: 5/7
  2935 | D:3      | Reached skill level 5 in Maces & Flails
  3419 | D:4      | Reached XP level 5. HP: 27/42 MP: 8/8
  3990 | D:4      | Found Chosaoga's General Store.
  4015 | D:4      | Bought a scroll of magic mapping for 45 gold pieces
  4137 | D:4      | Reached skill level 6 in Maces & Flails
  4402 | D:4      | Reached XP level 6. HP: 16/49 MP: 10/10
  4853 | D:4      | Acquired Yredelemnul's third power
  5048 | D:5      | Entered Level 5 of the Dungeon
  5197 | D:4      | Reached skill level 7 in Maces & Flails
  5831 | D:4      | Your scales start taking on a golden yellow colour.
  5831 | D:4      | Reached XP level 7. HP: 47/55 MP: 11/11
  5923 | D:5      | Found Gihete Mait's Magic Scroll Shop.
  5936 | D:5      | Reached skill level 8 in Maces & Flails
  5957 | D:5      | Bought a scroll of fog for 28 gold pieces
  5957 | D:5      | Bought a scroll of fear for 49 gold pieces
  5957 | D:5      | Bought a scroll of identify for 28 gold pieces
  5957 | D:5      | Bought a scroll of enchant weapon II for 77 gold pieces
  6825 | D:6      | Reached skill level 9 in Maces & Flails
  7473 | D:6      | Reached XP level 8. HP: 56/62 MP: 13/13
  8159 | D:7      | Reached skill level 10 in Maces & Flails
  8160 | D:7      | Received a gift from Yredelemnul
  8485 | D:7      | Found a staircase to the Ecumenical Temple.
  8764 | D:8      | Received a gift from Yredelemnul
  8946 | D:8      | Found a staircase to the Orcish Mines.
  8952 | D:8      | Reached skill level 11 in Maces & Flails
  9435 | D:8      | Reached XP level 9. HP: 47/68 MP: 14/14
  9469 | D:8      | Reached skill level 12 in Maces & Flails
 10109 | D:8      | Noticed a two-headed ogre
 10625 | D:8      | Killed a two-headed ogre
 10823 | D:9      | Found a basalt altar of Yredelemnul.
 10866 | D:9      | Reached skill level 13 in Maces & Flails
 10984 | D:9      | HP: 2/68 [orc priest/divine providence (11)]
 11297 | D:9      | Received a gift from Yredelemnul
 12004 | D:9      | HP: 2/68 [manticore/volley of spikes (12)]
 12047 | D:9      | HP: 1/68 [orc priest/divine providence (10)]
 12407 | D:8      | Reached XP level 10. HP: 27/74 MP: 16/16
 12624 | D:9      | Reached skill level 14 in Maces & Flails
 13287 | D:10     | Entered Level 10 of the Dungeon
 13901 | D:10     | Found a staircase to the Lair.
 13906 | D:10     | Noticed an oklob plant
 13906 | D:10     | Noticed an oklob plant
 13933 | D:10     | Killed an oklob plant
 14372 | Lair:1   | Entered Level 1 of the Lair of Beasts
 14434 | D:10     | Received a gift from Yredelemnul
 14462 | D:10     | Killed an oklob plant
 14462 | D:10     | Reached skill level 5 in Dodging
 15780 | Lair:1   | Slain by a yak

Action                   |  1- 3 |  4- 6 |  7- 9 | 10-12 || total
-------------------------+-------+-------+-------+-------++-------
Melee: Mace              |   128 |   136 |    52 |    16 ||   332
       Flail             |       |    86 |   487 |   325 ||   898
Throw: Dart              |    13 |     1 |     6 |       ||    20
Invok: Animate Remains   |     2 |       |       |       ||     2
       Animate Dead      |       |     1 |     5 |     1 ||     7
       Injury Mirror     |       |       |     1 |       ||     1
 Abil: Spit Acid         |       |       |    30 |    10 ||    40
Evoke: Wand              |       |     2 |       |       ||     2
  Use: Scroll            |       |     8 |    12 |     5 ||    25
       Potion            |       |     5 |     6 |     4 ||    15
 Stab: Distracted        |       |       |     1 |     1 ||     2
